Map: Green Acres

Players

neulaender - Winner!

  • Race: Zerg Zerg
  • Spawn Location: 6:00

BennTenn - Winner!

  • Race: Terran Terran
  • Spawn Location: 7:00

Baumdoktor - Winner!

  • Race: Protoss Protoss
  • Spawn Location: 9:00

A.I. 3 (Elite)

  • Race: Protoss Protoss
  • Spawn Location: 12:00

A.I. 4 (Very Hard)

  • Race: Zerg Zerg
  • Spawn Location: 3:00

A.I. 5 (Very Hard)

  • Race: Protoss Protoss
  • Spawn Location: 1:00

VOD

Have the link to the VOD?

Description

Time

  • Played on: Oct. 10, 2016, 1:53 p.m.
  • Length: 13:35
Show
View Real Time Build Order
Export as new Build Order

neulaender Zerg - Winner!

Build Orders: Pool First 

Get SALT Encoding   

  12  0:01  Drone  
  13  0:13  Drone  
  14  0:17  Overlord  
  14  0:36  Spawning Pool  
  14  0:37  Drone  
  14  0:43  Drone, Extractor  
  14  0:48  Drone  
  15  0:55  Drone  
  16  1:00  Drone  
  17  1:10  Drone  
  18  1:20  Drone  
  18  1:25  Queen  
  19  1:32  Overlord  
  21  1:45  Metabolic Boost  
  21  1:50  Evolution Chamber  
  21  1:51  Zergling x2  
  21  1:57  Zergling x2  
  22  2:05  Zergling x2  
  23  2:15  Drone  
  24  2:26  Zergling x2  
  24  2:28  Zerg Melee Weapons Level 1  
  25  2:34  Zergling x4  
  25  2:35  Zergling x2  
  28  2:50  Drone x2  
  29  3:18  Drone, Roach Warren  
  29  3:19  Overlord  
  29  3:20  Extractor  
  22  3:35  Zergling x2  
  22  3:36  Zergling x4  
  25  3:49  Zergling x6  
  28  3:57  Zergling x2  
  28  3:59  Lair  
  28  4:07  Zergling x2  
  27  4:13  Drone  
  28  4:23  Drone x2  
  28  4:24  Drone  
  31  4:45  Drone x2  
  33  4:46  Hatchery  
  32  5:04  Hatchery  
  32  5:05  Glial Reconstitution  
  32  5:07  Zerg Missile Weapons Level 1  
  31  5:18  Drone  
  31  5:19  Drone x2  
  34  5:27  Hydralisk Den  
  33  5:42  Drone x4, Extractor  
  36  5:45  Extractor  
  35  5:59  Muscular Augments  
  35  6:02  Drone x3  
  38  6:05  Queen  
  40  6:13  Extractor x2  
  40  6:16  Queen  
  40  6:20  Zergling x2  
  40  6:21  Zergling x12  
  47  6:32  Roach x2  
  48  6:33  Zergling x2  
  49  6:40  Tunneling Claws, Burrow  
  49  6:45  Drone  
  49  6:46  Overlord  
  49  6:47  Overlord  
  49  7:01  Drone  
  49  7:02  Overlord x2  
  49  7:07  Zerg Missile Weapons Level 2  
  50  7:10  Hydralisk  
  50  7:14  Drone  
  50  7:15  Drone  
  55  7:22  Drone  
  55  7:23  Drone x2  
  55  7:26  Drone x2  
  55  7:29  Drone x7  
  66  7:37  Hydralisk  
  66  7:38  Hydralisk x3  
  66  7:39  Zergling x2  
  75  7:51  Roach x3  
  81  7:53  Overlord  
  81  7:54  Overlord  
  81  8:02  Lurker Den  
  81  8:07  Overlord x3  
  81  8:12  Overlord x2  
  81  8:17  Drone x2  
  81  8:18  Drone  
  81  8:19  Drone  
  85  8:24  Hydralisk x2  
  85  8:25  Roach  
  91  8:28  Roach  
  93  8:36  Pneumatized Carapace  
  93  8:54  Baneling Nest  
  92  8:58  Roach  
  92  8:59  Roach x9  
  104  9:13  Roach x5  
  104  9:14  Zergling x2  
  104  9:15  Zergling x2  
  104  9:16  Zergling x2  
  84  9:34  Roach, Hydralisk x2  
  84  9:35  Hydralisk x2  
  94  9:45  Zerg Ground Armor Level 1  
  94  9:47  Hydralisk x2  
  97  9:56  Roach x3  
  102  10:02  Zergling x6  
  105  10:14  Zergling x8  
  105  10:15  Zergling x12  
  115  10:45  Hydralisk  
  115  10:46  Hydralisk x9  
  130  10:53  Lurker  
  130  10:54  Lurker  
  129  11:08  Roach x4  
  134  11:31  Roach  
  134  11:32  Roach  
  137  11:34  Overlord x4  
  134  11:42  Zergling x2  
  134  11:43  Zergling x6  
  135  12:20  Zergling x2  
  135  12:21  Zergling x34  
  153  12:42  Zergling x8  
  153  12:43  Zergling x6  
  160  12:44  Zergling x2  
Show
View Real Time Build Order
Export as new Build Order

BennTenn Terran - Winner!

Build Orders:  

Get SALT Encoding   

  12  0:05  SCV  
  13  0:17  SCV  
  14  0:22  Supply Depot  
  14  0:29  SCV  
  15  0:44  SCV  
  15  0:48  Barracks  
  16  0:56  SCV  
  17  1:02  Barracks  
  17  1:08  SCV  
  18  1:17  Refinery  
  18  1:20  SCV  
  19  1:32  SCV  
  20  1:37  Supply Depot  
  20  1:40  Marine  
  20  1:44  SCV  
  22  1:51  Barracks  
  22  1:54  Refinery  
  22  1:55  Marine  
  22  1:58  Marine  
  24  2:13  Marine  
  25  2:18  Marine  
  25  2:20  SCV  
  27  2:31  Marine  
  27  2:32  SCV  
  27  2:34  Supply Depot  
  27  2:36  Marine  
  30  2:42  Marine  
  31  2:49  Marine  
  31  2:55  Marine  
  31  2:57  Supply Depot  
  32  3:00  Marine  
  32  3:02  Supply Depot  
  33  3:07  Marine  
  34  3:13  Marine  
  34  3:18  Marine  
  36  3:25  Reaper  
  37  3:31  Reaper  
  29  3:36  Reaper  
  27  3:47  Bunker  
  26  3:57  Reaper  
  26  4:09  Marine x2  
  27  4:27  Marine x2  
  27  4:28  SCV  
  27  4:29  Marine  
  31  4:40  SCV  
  31  4:44  Marine x2  
  34  4:47  Marine  
  35  4:53  Command Center  
  35  5:02  Marine x2  
  35  5:04  Marine  
  38  5:08  Orbital Command  
  38  5:20  Marine x2  
  40  5:22  Marine  
  41  5:38  Marine x2  
  42  5:58  Marine x2  
  42  5:59  Marine  
  45  6:05  SCV  
  46  6:16  Marine x3  
  46  6:17  SCV  
  50  6:26  Factory  
  50  6:29  SCV  
  50  6:30  Supply Depot  
  51  6:34  Marine x3  
  54  6:41  SCV  
  55  6:51  Factory  
  55  6:52  Marine x3  
  55  6:53  SCV  
  59  6:57  Supply Depot  
  59  7:06  SCV  
  60  7:09  Marine  
  60  7:10  Marine x2  
  63  7:18  SCV  
  64  7:23  Refinery  
  64  7:25  Widow Mine  
  64  7:27  Marine  
  64  7:28  Marine x2  
  69  7:30  SCV  
  69  7:31  Refinery  
  70  7:45  Marine x3  
  73  7:54  Widow Mine  
  75  8:00  Widow Mine  
  75  8:03  Marine x3  
  80  8:11  SCV  
  81  8:21  Marine x2  
  81  8:22  Widow Mine, Supply Depot  
  85  8:36  Orbital Command  
  85  8:43  Widow Mine  
  85  8:45  Supply Depot  
  87  8:51  Widow Mine  
  87  9:12  Widow Mine, Marine x3  
  77  9:19  Widow Mine  
  73  9:30  Marine x3  
  71  9:40  Widow Mine  
  73  9:48  Marine x3  
  78  10:05  Marine  
  78  10:06  Marine x2  
  79  10:23  Marine x2  
  79  10:24  Marine  
  79  10:25  Factory Tech Lab  
  82  10:31  Factory Tech Lab  
  82  10:44  Command Center  
  82  10:48  SCV  
  83  11:00  SCV  
  83  11:01  Starport  
  84  11:05  Siege Tank  
  84  11:08  Siege Tank  
  90  11:12  SCV  
  90  11:18  Supply Depot  
  91  11:21  Marine  
  91  11:22  Marine x2  
  91  11:24  SCV  
  95  11:33  Liberator  
  95  11:37  Siege Tank, SCV  
  95  11:38  Starport  
  95  11:39  Marine x2  
  100  11:40  Siege Tank, Marine  
  100  11:41  Supply Depot  
  108  11:57  Marine x3  
  111  12:09  Siege Tank  
  111  12:12  Siege Tank  
  111  12:15  Marine  
  118  12:17  SCV  
  119  12:26  SCV  
  119  12:29  SCV  
  121  12:33  Medivac  
  123  12:41  Siege Tank  
  123  12:42  SCV  
  123  12:43  SCV  
  128  12:44  Siege Tank  
  131  12:54  SCV  
  131  12:55  SCV  
  133  13:09  Supply Depot  
  133  13:32  Supply Depot  
Show
View Real Time Build Order
Export as new Build Order

Baumdoktor Protoss - Winner!

Build Orders: 1 Gate Expand 

Get SALT Encoding   

  12  0:04  Probe (Chrono Boost)  
  13  0:15  Probe (Chrono Boost)  
  13  0:19  Pylon  
  14  0:25  Probe (Chrono Boost)  
  15  0:38  Gateway  
  15  0:40  Probe (Chrono Boost)  
  16  0:50  Probe (Chrono Boost)  
  17  1:12  Nexus  
  17  1:17  Pylon  
  17  1:21  Probe (Chrono Boost)  
  18  1:31  Probe (Chrono Boost)  
  19  1:33  Cybernetics Core  
  19  1:39  Assimilator  
  19  1:44  Assimilator  
  19  1:45  Probe (Chrono Boost)  
  20  1:56  Probe (Chrono Boost)  
  21  2:02  Warp Gate  
  21  2:07  Probe (Chrono Boost)  
  22  2:20  Probe (Chrono Boost)  
  23  2:32  Probe (Chrono Boost)  
  24  2:41  Gateway x2  
  24  2:46  Gateway x2  
  24  2:52  Gateway, Probe (Chrono Boost)  
  25  3:05  Mothership Core (Chrono Boost)  
  27  3:14  Pylon  
  27  3:25  Probe (Chrono Boost)  
  28  3:45  Probe (Chrono Boost)  
  29  3:52  Pylon  
  30  3:55  Probe (Chrono Boost)  
  30  4:06  Probe (Chrono Boost)  
  30  4:08  Stalker x2  
  30  4:09  Stalker x3  
  41  4:10  Stalker  
  41  4:17  Probe (Chrono Boost)  
  44  4:27  Probe (Chrono Boost)  
  45  4:35  Stalker x3  
  45  4:36  Stalker  
  45  4:37  Stalker  
  55  5:05  Zealot x3  
  61  5:18  Twilight Council  
  61  5:31  Pylon  
  61  5:34  Probe (Chrono Boost), Pylon  
  62  5:38  Pylon  
  62  5:46  Pylon  
  62  5:49  Probe (Chrono Boost), Assimilator  
  63  5:54  Assimilator  
  63  6:00  Probe (Chrono Boost), Stalker x2  
  63  6:01  Stalker x4  
  76  6:10  Probe (Chrono Boost)  
  77  6:21  Probe (Chrono Boost)  
  60  6:56  Stalker x6  
  72  7:04  Blink  
  72  7:32  Zealot x3  
  72  7:33  Zealot x3  
  84  8:27  Zealot x3  
  84  8:28  Zealot x2  
  84  8:33  Nexus  
  94  8:36  Pylon  
  94  8:38  Pylon  
  94  8:43  Pylon  
  94  8:50  Pylon  
  94  8:52  Charge  
  94  9:03  Assimilator  
  94  9:04  Assimilator  
  74  9:17  Stalker x5  
  74  9:18  Stalker  
  76  9:47  Stalker  
  76  9:48  Stalker x4  
  76  9:49  Stalker  
  88  9:57  Probe (Chrono Boost)  
  89  10:07  Probe (Chrono Boost)  
  89  10:10  Templar Archives  
  90  10:15  Probe (Chrono Boost)  
  90  10:18  Probe (Chrono Boost)  
  92  10:25  Probe (Chrono Boost)  
  93  10:28  Probe (Chrono Boost)  
  86  10:36  Probe (Chrono Boost)  
  85  10:59  Stalker x4  
  85  11:00  Stalker x2  
  97  11:26  Gateway  
  97  11:28  Gateway  
  97  11:30  Gateway  
  97  11:33  Gateway  
  97  11:34  Gateway  
  93  11:43  High Templar x4  
  93  11:44  High Templar x2  
  103  11:56  Archon x2  
  103  11:57  Archon  
  103  12:46  High Templar x2  
  103  12:47  High Templar x4  
  115  12:51  High Templar  
  115  12:52  High Templar  
  115  12:54  Stalker  
  115  12:56  Archon  
  115  12:57  Archon x3  
  121  13:23  Zealot  
  121  13:24  Zealot x4  
  121  13:25  Zealot x5  
Show
View Real Time Build Order
Export as new Build Order

A.I. 3 (Elite) Protoss 

Build Orders: Mass Adepts, Zealot Archon 

Get SALT Encoding   

  12  0:01  Probe (Chrono Boost)  
  13  0:12  Probe (Chrono Boost)  
  14  0:20  Pylon  
  14  0:22  Probe (Chrono Boost)  
  15  0:38  Probe (Chrono Boost)  
  16  0:47  Assimilator  
  16  0:49  Probe (Chrono Boost)  
  17  0:50  Gateway  
  17  0:59  Probe (Chrono Boost)  
  17  1:00  Pylon  
  18  1:10  Probe (Chrono Boost)  
  19  1:20  Probe (Chrono Boost)  
  20  1:31  Probe (Chrono Boost)  
  21  1:37  Zealot  
  21  1:38  Gateway  
  23  1:41  Cybernetics Core  
  23  1:43  Probe (Chrono Boost)  
  24  1:49  Pylon  
  25  1:54  Probe (Chrono Boost)  
  25  2:02  Zealot  
  25  2:05  Probe (Chrono Boost)  
  28  2:12  Warp Gate  
  28  2:17  Probe (Chrono Boost)  
  29  2:24  Adept  
  29  2:28  Adept  
  33  2:30  Gateway  
  33  2:39  Gateway  
  33  2:50  Adept  
  35  2:55  Adept  
  35  2:58  Probe (Chrono Boost), Pylon  
  38  3:16  Adept x2  
  42  3:22  Adept  
  42  3:25  Adept  
  42  3:36  Pylon  
  42  3:41  Probe (Chrono Boost)  
  43  3:42  Zealot x2  
  47  3:53  Adept  
  47  3:55  Adept  
  51  4:07  Stalker  
  51  4:08  Stalker  
  55  4:12  Pylon  
  55  4:15  Assimilator  
  55  4:30  Stalker  
  55  4:31  Stalker  
  59  4:45  Zealot  
  61  4:46  Zealot  
  61  4:50  Pylon  
  63  4:58  Robotics Facility  
  63  5:08  Adept x2  
  67  5:15  Probe (Chrono Boost)  
  67  5:16  Adept  
  69  5:22  Adept  
  71  5:31  Pylon  
  71  5:33  Probe (Chrono Boost)  
  69  5:44  Probe (Chrono Boost)  
  69  5:49  Twilight Council  
  70  5:54  Probe (Chrono Boost)  
  70  6:16  Pylon  
  70  6:31  Templar Archives  
  70  6:38  Zealot  
  72  6:57  Nexus  
  72  7:08  High Templar  
  72  7:09  High Templar  
  76  7:20  Sentry  
  76  7:22  Archon  
  78  7:28  Pylon  
  78  7:49  High Templar  
  80  7:57  Zealot  
  80  7:58  Zealot x2  
  84  8:02  Pylon  
  86  8:12  Probe (Chrono Boost)  
  88  8:13  Probe (Chrono Boost)  
  88  8:17  Zealot  
  88  8:18  High Templar  
  92  8:23  Probe (Chrono Boost)  
  92  8:24  Probe (Chrono Boost), Assimilator  
  94  8:29  Assimilator  
  94  8:32  Observer  
  96  8:34  Probe (Chrono Boost)  
  96  8:35  Probe (Chrono Boost)  
  97  8:41  Stalker  
  97  8:46  Probe (Chrono Boost)  
  97  8:47  Probe (Chrono Boost)  
  101  8:50  Stalker  
  103  8:57  Probe (Chrono Boost), Stalker  
  103  8:59  Probe (Chrono Boost)  
  103  9:02  Pylon  
  107  9:06  Stalker  
  107  9:09  Probe (Chrono Boost)  
  105  9:10  Probe (Chrono Boost)  
  105  9:16  Zealot  
  87  9:20  Probe (Chrono Boost)  
  87  9:21  Zealot  
  87  9:25  Probe (Chrono Boost)  
  87  9:26  Sentry  
  87  9:31  Probe (Chrono Boost), High Templar  
  68  9:37  Probe (Chrono Boost)  
  59  9:41  High Templar  
  59  9:43  Adept  
  59  9:45  Probe (Chrono Boost)  
  64  9:48  Adept  
  52  10:01  Stalker  
  52  10:02  Zealot  
  52  10:06  Archon  
  56  10:07  High Templar  
  56  10:11  Zealot  
  60  10:21  High Templar  
  62  10:22  Zealot  
  62  10:30  Sentry  
  60  10:38  Zealot  
  60  10:42  Zealot  
  58  10:49  Archon  
  55  10:50  Probe (Chrono Boost)  
  55  10:51  High Templar, Zealot  
  55  10:55  Nexus  
  56  10:57  Stalker  
  56  11:02  Sentry  
  53  11:10  Stalker  
  39  11:19  Adept  
  39  11:24  Zealot  
  43  11:29  Zealot  
  29  11:42  High Templar  
  29  11:55  Archon  
  29  11:56  High Templar  
  29  11:58  Zealot  
  34  12:09  Probe (Chrono Boost)  
  26  12:23  High Templar  
Show
View Real Time Build Order
Export as new Build Order

A.I. 4 (Very Hard) Zerg 

Build Orders: Pool First, Zergling Baneling 

Get SALT Encoding   

  12  0:01  Drone  
  13  0:08  Drone  
  14  0:17  Overlord  
  14  0:36  Spawning Pool  
  14  0:37  Extractor  
  14  0:39  Drone  
  13  0:44  Drone  
  13  0:48  Drone  
  15  1:24  Queen, Zergling x6  
  20  1:35  Zergling x2  
  21  1:40  Baneling Nest  
  21  1:46  Drone  
  21  1:56  Zergling x2  
  22  2:08  Overlord  
  22  2:26  Zergling x2  
  22  2:27  Baneling  
  22  2:29  Baneling, Zergling x2  
  24  2:30  Zergling x2  
  24  2:31  Baneling x2, Zergling x4  
  24  2:36  Baneling  
  27  2:40  Zergling x2  
  27  2:41  Baneling  
  28  2:44  Baneling  
  28  2:51  Zergling x2  
  29  2:58  Baneling  
  28  3:01  Zergling x2  
  29  3:12  Overlord  
  29  3:30  Zergling x4  
  29  3:31  Zergling x2  
  29  3:32  Zergling x2  
  26  3:43  Zergling x2  
  26  3:48  Baneling x3  
  26  3:49  Baneling x3  
  26  3:50  Baneling  
  26  3:51  Zergling x4  
  26  3:54  Zergling x2  
  29  4:00  Zergling x2  
  29  4:06  Zergling x2  
  28  4:16  Zergling x2  
  28  4:19  Zergling x2  
  28  4:21  Zergling x2  
  28  4:23  Baneling  
  30  4:27  Extractor  
  29  4:31  Drone  
  29  4:37  Drone  
  31  4:55  Roach Warren  
  29  5:14  Lair  
  29  5:36  Roach  
  31  5:57  Overlord  
  31  6:08  Roach  
  33  6:13  Hydralisk Den  
  33  6:15  Drone  
  33  6:24  Roach  
  33  6:34  Roach  
  35  6:40  Roach x2  
  38  6:52  Hydralisk  
  40  7:05  Overlord  
  40  7:18  Hydralisk  
  42  7:25  Drone  
  43  7:31  Drone  
  44  7:37  Drone  
  44  7:44  Drone  
  46  7:50  Drone  
  47  7:54  Drone  
  48  8:04  Overlord  
  48  8:07  Drone  
  48  8:11  Drone  
  50  8:15  Drone  
  50  8:18  Drone  
  52  8:22  Drone  
  53  8:42  Overseer  
  53  8:44  Roach  
  53  8:45  Infestation Pit  
  54  8:50  Overlord  
  54  8:53  Drone  
  55  8:58  Roach  
  54  9:03  Roach  
  54  9:07  Roach  
  51  9:11  Zergling x2  
  44  9:23  Infestor  
  38  9:32  Hatchery  
  38  9:34  Zergling x2  
  38  9:39  Roach  
  38  9:43  Roach  
  42  9:49  Hydralisk  
  44  9:55  Hydralisk  
  46  10:01  Roach  
  46  10:05  Roach  
  50  10:11  Roach  
  52  10:16  Roach  
  52  10:38  Zergling x2, Infestor  
  52  10:39  Zergling x4  
  52  10:40  Zergling x2  
  54  10:51  Roach  
  38  10:59  Roach x2  
  38  11:00  Roach  
  40  11:05  Roach  
  42  11:14  Roach  
  40  11:33  Hatchery  
  40  11:37  Zergling x2  
  30  11:40  Zergling x2  
  33  11:47  Roach  
  33  11:49  Hydralisk  
  33  11:50  Roach, Overseer  
  32  12:02  Zergling x2  
  32  12:07  Zergling x2  
    12:45  Drone  
  1  12:56  Drone  
  2  13:06  Drone  
  3  13:17  Drone  
Show
View Real Time Build Order
Export as new Build Order

A.I. 5 (Very Hard) Protoss 

Build Orders: Blink Stalkers, Zealot Archon 

Get SALT Encoding   

  12  0:01  Probe (Chrono Boost)  
  13  0:12  Probe (Chrono Boost)  
  14  0:21  Pylon  
  14  0:22  Probe (Chrono Boost)  
  15  0:40  Probe (Chrono Boost)  
  16  0:47  Assimilator  
  16  0:50  Probe (Chrono Boost)  
  16  0:51  Gateway  
  17  1:00  Pylon  
  17  1:01  Probe (Chrono Boost)  
  19  1:11  Probe (Chrono Boost)  
  19  1:22  Probe (Chrono Boost)  
  21  1:33  Probe (Chrono Boost)  
  21  1:35  Assimilator  
  21  1:37  Zealot  
  23  1:42  Cybernetics Core  
  23  1:44  Probe (Chrono Boost)  
  24  1:55  Probe (Chrono Boost)  
  25  2:06  Probe (Chrono Boost)  
  26  2:08  Pylon  
  26  2:13  Warp Gate  
  26  2:17  Probe (Chrono Boost)  
  26  2:19  Stalker  
  29  2:23  Twilight Council  
  29  2:32  Gateway  
  29  2:35  Probe (Chrono Boost)  
  30  2:47  Probe (Chrono Boost)  
  30  2:48  Stalker  
  33  2:57  Blink  
  33  3:06  Gateway  
  33  3:16  Stalker  
  35  3:20  Pylon  
  35  3:25  Stalker  
  37  3:30  Probe (Chrono Boost)  
  39  3:42  Probe (Chrono Boost)  
  39  3:45  Stalker  
  41  3:53  Stalker  
  41  3:54  Stalker  
  45  4:02  Pylon  
  45  4:20  Pylon  
  45  4:23  Zealot  
  47  4:31  Adept  
  47  4:32  Stalker  
  50  4:43  Adept  
  52  4:47  Templar Archives  
  52  5:01  Nexus  
  51  5:17  Zealot  
  53  5:22  Pylon  
  53  5:24  High Templar  
  55  5:35  High Templar  
  57  5:43  Zealot  
  57  5:52  Archon  
  57  5:55  Nexus  
  57  6:03  High Templar  
  59  6:21  Zealot  
  59  6:31  High Templar  
  53  6:37  Zealot  
  35  6:51  Zealot  
  36  6:58  High Templar  
  38  7:03  Adept  
  40  7:12  Stalker  
  40  7:14  Nexus  
  40  7:15  Archon  
  42  7:23  Zealot  
  44  7:40  High Templar  
  46  8:00  Zealot  
  48  8:07  High Templar  
  48  8:10  Zealot  
  52  8:18  Stalker  
  54  8:23  Archon  
  55  8:28  Probe (Chrono Boost)  
  55  8:29  Probe (Chrono Boost), Zealot  
  58  8:37  Zealot  
  58  8:39  Assimilator  
  58  8:40  Probe x2 (Chrono Boost)  
  62  8:43  Assimilator  
  62  8:44  High Templar  
  64  8:51  Probe x2 (Chrono Boost)  
  66  9:02  Probe (Chrono Boost)  
  68  9:03  Probe (Chrono Boost)  
  68  9:11  High Templar  
  68  9:14  Probe x2 (Chrono Boost)  
  68  9:16  Zealot  
  64  9:21  Sentry  
  52  9:25  Archon, Probe (Chrono Boost)  
  52  9:26  Probe (Chrono Boost)  
  50  9:36  Zealot  
  50  9:37  Probe x2 (Chrono Boost)  
  50  9:41  High Templar  
  50  9:42  Adept  
  54  9:50  Probe x2 (Chrono Boost)  
  56  9:55  Zealot  
  58  10:00  Probe (Chrono Boost)  
  58  10:01  Zealot  
  58  10:04  Robotics Facility  
  61  10:11  Stalker  
  61  10:14  Zealot  
  65  10:19  High Templar  
  67  10:25  Pylon  
  67  10:32  Zealot x2  
  55  10:49  Adept  
  53  10:50  High Templar  
  53  10:51  Observer, Zealot  
  48  11:07  Stalker  
  48  11:09  Stalker  
  47  11:16  Probe (Chrono Boost)  
  31  11:21  Nexus, Zealot  
  25  11:28  Probe (Chrono Boost)  
  25  11:29  High Templar  
  25  11:32  Adept  
  16  11:40  High Templar  
  8  11:50  Probe (Chrono Boost)  
  9  11:52  Pylon  
Tags
 
Add a new tag
Caveats
  • Supply blocks, unpowered buildings, or Contaminate may cause inaccurate times.
  • Supply counts are checked every 10 seconds.